 Dungeon Crawl Stone Soup version 0.28-a0-1374-ga75cb3825e (webtiles) character file.

Game seed: 13207395003685741410

197704 dolemite99 the Warrior (level 18, -2/171 HPs)
             Began as a Minotaur Brigand on Dec 31, 2021.
             Was a Priest of Elyvilon.
             Killed from afar by Arachne (11 damage)
             ... with a bolt of poison
             ... on level 3 of the Spider Nest.
             The game lasted 01:20:13 (53395 turns).

dolemite99 the Warrior (Minotaur Brigand)          Turns: 53395, Time: 01:20:14

Health: -2/171     AC: 28    Str: 21 (22) XL:     18   Next: 19%
Magic:  19/26      EV:  4    Int: 11      God:    Elyvilon [***...]
Gold:   751        SH:  0    Dex: 16 (18) Spells: 17/17 levels left

rFire   + . .      SeeInvis +   a - +1 morningstar (vorpal)
rCold   + + +      Faith    +   f - +2 shield of Resistance {rF++ rC++ Will++}
rNeg    . . .      Spirit   .   e - +0 plate armour
rPois   +          Reflect  .   y - +2 hat
rElec   .          Harm     .   c - +1 cloak
rCorr   .          Rampage  .   N - +2 pair of gloves
Will    +++..                   h - +1 pair of boots
Stlth   ..........              V - amulet "Lyliesam" {Faith Int+3 Dex+4}
HPRegen 0.38/turn               E - ring of see invisible
MPRegen 0.20/turn               l - ring "Fahocia" {Ice rPois Str+2 Dex-2}

@: lethally poisoned (-2 -> -22), held
A: horns 2, retaliatory headbutt, deterioration 1
a: Renounce Religion, Purification, Heal Other, Heal Self


You were on level 3 of the Spider Nest.
You worshipped Elyvilon.
Elyvilon was most pleased with you.
You visited 5 branches of the dungeon, and saw 30 of its levels.

You collected 2310 gold pieces.
You spent 1559 gold pieces at shops.

Inventory:

Hand Weapons
 a - a +1 vorpal morningstar (weapon)
 b - a +7 fustibalus of flaming
 n - the +3 hand axe of the Skies Above {freeze, +Blink rPois rCorr}
   (You found it on level 9 of the Dungeon)

   It freezes those it strikes, dealing additional cold damage.
   It can also slow down cold-blooded creatures.
   rPois:     It protects you from poison.
   +Blink:    It lets you blink.
   rCorr:     It protects you from acid and corrosion.
 A - a +0 war axe of electrocution
Missiles
 d - 94 poisoned darts (quivered)
 j - 591 stones
 u - 13 javelins
 G - 4 datura-tipped darts
 L - 8 sling bullets
Armour
 c - a +1 cloak (worn)
 e - a +0 plate armour (worn)
 f - the +2 shield of Resistance (worn) {rF++ rC++ Will++}
   (You acquired it on level 5 of the Dungeon)

   rF:        It greatly protects you from fire.
   rC:        It greatly protects you from cold.
   Will:      It greatly increases your willpower.
 h - a +1 pair of boots (worn)
 y - a +2 hat (worn)
 N - a +2 pair of gloves (worn)
 Q - a +2 chain mail of cold resistance
Jewellery
 l - the ring "Fahocia" (right hand) {Ice rPois Str+2 Dex-2}
   (You found it on level 2 of the Dungeon)

   [ring of ice]

   It enhances your ice magic.
   Str:       It affects your strength (+2).
   Dex:       It affects your dexterity (-2).
   rF:        It makes you vulnerable to fire.
   rC:        It protects you from cold.
   rPois:     It protects you from poison.
 p - a ring of positive energy
 r - a ring of protection from fire
 w - a +6 ring of intelligence
 x - an amulet of guardian spirit
 E - a ring of see invisible (left hand)
 K - a ring of protection from cold
 P - an amulet of reflection
 U - the dreamshard necklace {*Dream Drain}
   (You found it on level 12 of the Dungeon)

   [amulet of nothing]

   It shatters if its wearer takes lethal or near-lethal damage, preventing the
   blow and releasing protective dreams that heal and fight for the wearer.
   Drain:     It drains your maximum health when unequipped.
 V - the amulet "Lyliesam" (around neck) {Faith Int+3 Dex+4}
   (You found it on level 6 of the Lair of Beasts)

   [amulet of faith]

   It allows you to gain divine favour quickly.
   Int:       It affects your intelligence (+3).
   Dex:       It affects your dexterity (+4).
 W - a ring of positive energy
Wands
 k - a wand of polymorph (7)
 t - a wand of flame (67)
Scrolls
 m - a scroll of brand weapon
 F - 8 scrolls of teleportation
 I - 6 scrolls of fog
 J - a scroll of blinking
 O - 2 scrolls of holy word
 R - 11 scrolls of identify {@r1}
 T - 3 scrolls of amnesia
Potions
 g - 8 potions of lignification
 i - a potion of curing
 o - 3 potions of cancellation
 q - 6 potions of might
 s - 5 potions of mutation
 v - a potion of magic
 z - 2 potions of flight
 B - 2 potions of brilliance
 C - 2 potions of berserk rage
 D - 5 potions of ambrosia
 H - 5 potions of haste
 M - 2 potions of attraction
Miscellaneous
 X - a phantom mirror (inert)


   Skills:
 - Level 17.9 Fighting
 - Level 4.8 Short Blades
 - Level 14.0 Maces & Flails
 - Level 14.3 Slings
 - Level 2.0(8.7) Throwing
 - Level 16.1 Armour
 + Level 2.9 Dodging
 - Level 3.2 Stealth
 - Level 15.0 Shields
 - Level 13.2 Invocations
 - Level 6.0 Evocations


You had 17 spell levels left.
You didn't know any spells.
Your spell library contained the following spells:

 Spells                   Type           Power      Damage    Failure   Level
 Apportation              Tloc           0%         N/A       97%         1
 Beastly Appendage        Tmut           0%         N/A       97%         1
 Freeze                   Ice            0%         1d3       97%         1
 Pain                     Necr           0%         1d4       97%         1
 Slow                     Hex            0%         N/A       97%         1
 Static Discharge         Conj/Air       0%         N/A       99%         2
 Sublimation of Blood     Necr           0%         N/A       99%         2
 Wereblood                Tmut           0%         N/A       99%         2
 Confusing Touch          Hex            0%         N/A       100%        3
 Conjure Flame            Conj/Fire      0%         6-21      100%        3
 Dazzling Flash           Conj/Hex       0%         N/A       100%        3
 Frozen Ramparts          Ice            0%         1d2       100%        3
 Ozocubu's Armour         Ice            0%         N/A       100%        3
 Portal Projectile        Hex/Tloc       0%         N/A       100%        3
 Spider Form              Tmut/Pois      0%         N/A       100%        3
 Stone Arrow              Conj/Erth      0%         3d7       100%        3
 Vampiric Draining        Necr           0%         2d6       100%        3
 Hailstorm                Conj/Ice       0%         3d3       100%        4
 Ice Form                 Ice/Tmut       0%         N/A       100%        4
 Iskenderun's Mystic Bla  Conj/Tloc      0%         2d3       100%        4
 Passage of Golubria      Tloc           0%         N/A       100%        4
 Petrify                  Tmut/Erth      0%         N/A       100%        4
 Summon Ice Beast         Ice/Summ       0%         N/A       100%        4
 Agony                    Necr           0%         N/A       100%        5
 Alistair's Intoxication  Tmut/Pois      0%         N/A       100%        5
 Blade Hands              Tmut           0%         N/A       100%        5
 Borgnjor's Vile Clutch   Necr/Erth      0%         N/A       100%        5
 Excruciating Wounds      Necr           0%         N/A       100%        5
 Fireball                 Conj/Fire      0%         3d3       100%        5
 Iskenderun's Battlesphe  Conj           0%         2d6       100%        5
 Lightning Bolt           Conj/Air       0%         1d11      100%        5
 Metabolic Englaciation   Hex/Ice        0%         N/A       100%        5
 Silence                  Hex/Air        0%         N/A       100%        5
 Summon Forest            Summ/Tloc      0%         N/A       100%        5
 Summon Mana Viper        Hex/Summ       0%         N/A       100%        5
 Conjure Ball Lightning   Conj/Air       0%         3x3d6     100%        6
 Eringya's Noxious Bog    Tmut/Pois      0%         N/A       100%        6
 Starburst                Conj/Fire      0%         6d3       100%        6
 Statue Form              Tmut/Erth      0%         N/A       100%        6
 Summon Cactus Giant      Summ           0%         N/A       100%        6
 Orb of Destruction       Conj           0%         N/A       100%        7
 Ozocubu's Refrigeration  Ice            0%         4d5       100%        7
 Summon Hydra             Summ           0%         N/A       100%        7
 Lehudib's Crystal Spear  Conj/Erth      0%         10d2      100%        8
 Maxwell's Capacitive Co  Air            0%         ∞         100%        8
 Fire Storm               Conj/Fire      0%         5d1       100%        9


Dungeon Overview and Level Annotations

Branches:
Dungeon (15/15)            Temple (0/1) D:5            Lair (6/6) D:11
  Snake (4/4) Lair:3       Spider (3/4) Lair:2        Slime (0/5) Lair:6
    Orc (2/2) D:11            Elf (0/3) Orc:2        Depths (0/4) D:15
 Vaults: D:13-14

Altars:
Cheibriados
Elyvilon
Gozag
Makhleb
Okawaru
Ru
Sif Muna
Uskayaw
Vehumet
Wu Jian
Xom
Yredelemnul
Zin
Beogh

Shops:
D:8 ([   D:9 (   D:13 =[   Orc:2 :[[   Snake:1 *

Annotations:
D:15 exclusions: obsidian statue and orange crystal statue
Lair:5 exclusion: oklob plant
Snake:1 3 runed translucent doors, exclusion: obsidian statue, Xaegg's ghost, adept DrEE
Snake:3 Jorgrun; Mara; Vashnia
Spider:3 Arachne


Innate Abilities, Weirdness & Mutations

You have a pair of horns on your head.
You reflexively headbutt those who attack you in melee.
Your body sometimes deteriorates upon taking damage.


Message History

Arachne hits you with a staff of poison!
Arachne envenoms you!
* * * LOW HITPOINT WARNING * * *
Arachne says, "Come closer, little fly."
Arachne hits you with a staff of poison.
* * * LOW HITPOINT WARNING * * *
Arachne envenoms you!
* * * LOW HITPOINT WARNING * * *
You are healed.
You feel sick. Arachne hits you but does no damage. Arachne envenoms you.
You are more poisoned.
Arachne hits you with a staff of poison.
* * * LOW HITPOINT WARNING * * *
Arachne envenoms you.
* * * LOW HITPOINT WARNING * * *
You are more poisoned.
You feel better.
Arachne says, "No one escapes my webs."
Arachne hits you but does no damage. Arachne envenoms you.
* * * LOW HITPOINT WARNING * * *
Arachne hits you with a staff of poison!
* * * LOW HITPOINT WARNING * * *
You struggle to detach yourself from the web.
Arachne hits you with a staff of poison.
* * * LOW HITPOINT WARNING * * *
Arachne envenoms you.
* * * LOW HITPOINT WARNING * * *
Arachne casts a spell at you. The bolt of poison hits you!
You are poisoned.
You resist.
* * * LOW HITPOINT WARNING * * *
Arachne hits you but does no damage. Arachne envenoms you.
* * * LOW HITPOINT WARNING * * *
You struggle to detach yourself from the web.
* * * LOW HITPOINT WARNING * * *
You feel very sick.
Arachne stares at you and mumbles some strange words.
The bolt of poison hits you! You resist.
You die...

#.....^##.##....##
#.........####.##
#.........######
#...........# #...^..>....#
##..........# #..........#
*********** #........^.#
**,,,,,,,,,,
#.........@#****,,,,,,,,,,,
##.........H(.(...,,,,,,,,*
*#........##^..(..,,^,,,,**
*,,#.....#**#.....,,,,,,***
*,*##...#* *.....,^,,*****
*** ####* **.^..,,,****^,
**.##**,,**,,, *## **,,,,,,
****,,,,,,


You could see Arachne (fast).

Vanquished Creatures
  4 ghost moths
  2 broodmothers (Spider:1)
  The ghost of Xos Poh the Warrior, a journeyman MiBe of Trog (D:11)
  An entropy weaver (Spider:1)
  2 spark wasps
  2 fire dragons
  5 boulder beetles
  An ice dragon (D:15)
  A rakshasa (D:13)
  A salamander tyrant (Snake:2)
  4 two-headed ogres
  12 hydras
  5 centaur warriors
  4 anacondas
  10 naga warriors
  2 death knights
  2 catoblepae
  4 tengu warriors (D:13)
  A dancing weapon (Lair:1)
  2 orc high priests (Orc:2)
  Urug (Lair:1)
  A shock serpent (Snake:2)
  9 naga sharpshooters
  16 skeletal warriors
  A fire crab (Lair:6)
  3 steelbarb worms
  4 pharaoh ants
  3 sea snakes (Snake:2)
  3 orb spiders
  4 salamander mystics
  A deep elf archer (D:13)
  3 naga ritualists
  A lindwurm (Lair:4)
  Pikel (D:9)
  6 deep elf pyromancers
  5 mana vipers
  A shining eye (Snake:1)
  6 orc knights
  An oklob plant (Lair:1)
  11 wolf spiders
  An orc sorcerer (Orc:2)
  14 ugly things
  3 manticores
  5 cyclopes
  A black mamba (shapeshifter) (D:13)
  17 salamanders
  2 guardian serpents
  16 elephants
  29 black mambas
  2 torpor snails
  7 naga magi
  11 cane toads
  3 molten gargoyles (Lair:6)
  A rime drake (Lair:4)
  An efreet (D:15)
  An unseen horror (D:13)
  A yaktaur (D:13)
  2 demonic crawlers
  Psyche (D:9)
  2 anaconda simulacra (Spider:1)
  A yaktaur (shapeshifter) (D:13)
  A komodo dragon (shapeshifter) (D:13)
  7 kobold demonologists
  A freezing wraith (D:15)
  14 komodo dragons
  A wind drake (shapeshifter) (D:13)
  4 meliai
  5 trolls
  3 polar bears
  5 tarantellas
  3 slime creatures (D:14)
  14 jumping spiders
  16 blink frogs
  Grinder (D:6)
  8 culicivoras
  A meliai zombie (D:10)
  8 basilisks
  A culicivora (shapeshifter) (D:13)
  A dire elephant simulacrum (Spider:1)
  6 wyverns
  65 yaks
  A wraith (D:15)
  A yak (shapeshifter) (D:15)
  29 redbacks
  4 humans (D:13)
  9 vampire mosquitoes
  A golden eye (Snake:2)
  2 steam dragons (Lair:6)
  2 harpy simulacra (Spider:1)
  A warg (Orc:1)
  32 nagas
  4 acid dragons
  2 minotaur simulacra (Spider:1)
  13 water moccasins
  5 hell hounds (Lair:6)
  A sky beast (D:4)
  18 orc warriors
  An ice beast (D:5)
  4 ogres
  31 wolves
  2 necrophages
  12 centaurs
  A lemure (D:9)
  3 kobold brigands
  13 bullfrogs
  3 wyvern zombies
  A gnoll sergeant (D:10)
  A scorpion (D:5)
  A hornet simulacrum (D:14)
  A lindwurm simulacrum (Spider:1)
  3 wights (D:4)
  3 howler monkeys
  3 electric eels
  7 lava snakes
  3 jellies
  2 centaur zombies
  A hound (D:7)
  14 orc priests
  2 iguanas
  Ijyb (D:3)
  2 bullfrog skeletons
  23 orc wizards
  3 hell rats (Lair:6)
  A killer bee zombie (D:7)
  A howler monkey zombie (D:6)
  Robin (D:2)
  9 adders
  5 gnolls
  A river rat (D:6)
  A white imp (D:7)
  2 adder skeletons (D:4)
  A worm (D:2)
  8 dart slugs (D:4)
  51 orcs
  7 ball pythons
  11 endoplasms
  3 giant cockroaches
  24 goblins
  9 hobgoblins
  5 jackals (D:2)
  2 quokkas
  5 bats
  2 frilled lizards
  28 kobolds
  5 rats
881 creatures vanquished.

Vanquished Creatures (collateral kills)
  Rupert (D:14)
  Agnes (Spider:3)
  A two-headed ogre (D:14)
  2 skeletal warriors (D:15)
  A salamander (Snake:2)
  A slime creature (Snake:2)
7 creatures vanquished.

Vanquished Creatures (others)
  A boulder beetle (Spider:1)
  A salamander (Snake:2)
  A manticore (D:13)
  A naga mage (Snake:2)
  2 black mambas
  A yak (D:10)
  A redback (Lair:2)
  An orc wizard (Orc:2)
  4 hell rats (Lair:6)
  A kobold (D:6)
  A bush (Lair:6)
  46 fungi
  145 plants
206 creatures vanquished.

Grand Total: 1094 creatures vanquished

Notes
Turn   | Place    | Note
-------+----------+-------------------------------------------
     0 | D:1      | dolemite99 the Minotaur Brigand began the quest for the
                  | Orb.
     0 | D:1      | Reached XP level 1. HP: 18/18 MP: 0/0
   183 | D:1      | Reached XP level 2. HP: 25/25 MP: 1/1
   553 | D:1      | Reached XP level 3. HP: 30/30 MP: 2/2
   618 | D:1      | Found a faded altar of an unknown god.
   655 | D:1      | Prayed at the altar of an unknown god.
   655 | D:1      | Became a worshipper of Elyvilon the Healer
   655 | D:1      | Reached * piety under Elyvilon
  1077 | D:2      | Noticed Robin
  1440 | D:2      | Killed Robin
  1924 | D:2      | Reached XP level 4. HP: 37/37 MP: 3/3
  2060 | D:2      | Reached skill level 1 in Maces & Flails
  2159 | D:2      | Identified the ring "Fahocia" {Ice rPois Str+2 Dex-2}
  2265 | D:2      | Reached ** piety under Elyvilon
  3247 | D:3      | Reached XP level 5. HP: 42/42 MP: 4/4
  3387 | D:3      | Reached *** piety under Elyvilon
  3387 | D:3      | Noticed Ijyb
  3391 | D:3      | Paralysed by Ijyb for 2 turns
  3410 | D:3      | Killed Ijyb
  3412 | D:3      | Reached skill level 1 in Invocations
  4079 | D:4      | Noticed a water moccasin
  4086 | D:4      | Killed a water moccasin
  4087 | D:4      | Reached XP level 6. HP: 46/50 MP: 4/6
  4205 | D:4      | Noticed a sky beast
  4229 | D:4      | Reached skill level 5 in Maces & Flails
  4350 | D:4      | Noticed a +0 dagger
  4351 | D:4      | Noticed a +0 short sword
  4351 | D:4      | Noticed a +0 dagger
  4352 | D:4      | Noticed a +0 falchion
  4353 | D:4      | Noticed a +0 falchion
  4353 | D:4      | Noticed a +0 spear
  4353 | D:4      | Noticed a +0 short sword
  4353 | D:4      | Noticed a +0 spear
  4358 | D:4      | Found a hide-covered altar of Uskayaw.
  4439 | D:4      | Reached XP level 7. HP: 47/56 MP: 6/8
  4928 | D:4      | Reached **** piety under Elyvilon
  5282 | D:5      | Entered Level 5 of the Dungeon
  5312 | D:5      | Noticed a yak
  5312 | D:5      | Noticed a yak
  5312 | D:5      | Noticed a yak
  5312 | D:5      | Noticed a yak
  5312 | D:5      | Noticed a yak
  5312 | D:5      | Noticed a yak
  5897 | D:5      | Identified a scroll of acquirement
  5897 | D:5      | Acquired the +2 shield of Resistance {rF++ rC++ Will++}
  5897 | D:5      | Found the +2 shield of Resistance {rF++ rC++ Will++}
  6060 | D:5      | Killed a yak
  6101 | D:5      | Killed a yak
  6102 | D:5      | Reached XP level 8. HP: 62/62 MP: 9/9
  6365 | D:4      | HP: 1/62 [yak (6)]
  6383 | D:4      | Reached skill level 5 in Armour
  6383 | D:4      | Reached skill level 5 in Shields
  7048 | D:5      | Found a staircase to the Ecumenical Temple.
  7220 | D:6      | Reached XP level 9. HP: 68/68 MP: 10/10
  7492 | D:6      | Noticed Grinder
  7500 | D:6      | Killed Grinder
  8113 | D:7      | Reached skill level 5 in Invocations
  9085 | D:8      | Found Mevent's Antique Armour Boutique.
  9430 | D:8      | Found a glowing silver altar of Zin.
  9610 | D:8      | Found a shimmering altar of Xom.
  9882 | D:8      | Found a large runed translucent door.
  9895 | D:8      | Found a large runed translucent door.
  9913 | D:8      | Reached XP level 10. HP: 74/74 MP: 13/13
  9975 | D:8      | Found Othaess's Weapon Boutique.
 10059 | D:8      | Found a snail-covered altar of Cheibriados.
 10059 | D:8      | Found a hide-covered altar of Uskayaw.
 10061 | D:8      | Found a sacrificial altar of Ru.
 10061 | D:8      | Found a burning altar of Makhleb.
 10061 | D:8      | Found an ornate altar of the Wu Jian Council.
 10089 | D:8      | Reached skill level 10 in Maces & Flails
 10161 | D:8      | Found a shimmering blue altar of Sif Muna.
 10170 | D:8      | Found an opulent altar of Gozag.
 10277 | D:9      | Found an iron altar of Okawaru.
 10287 | D:9      | Identified the +3 hand axe of the Skies Above {freeze,
                  | +Blink rPois rCorr}
 10448 | D:9      | Noticed a two-headed ogre
 10454 | D:9      | Killed a two-headed ogre
 10488 | D:9      | Reached ***** piety under Elyvilon
 10562 | D:9      | Noticed Pikel
 10566 | D:9      | Killed Pikel
 10699 | D:9      | Noticed Psyche
 10700 | D:9      | Reached skill level 1 in Evocations
 10703 | D:9      | Killed Psyche
 11164 | D:9      | Found Vifadd's Antique Weapon Boutique.
 11645 | D:10     | Entered Level 10 of the Dungeon
 11682 | D:10     | Found a basalt altar of Yredelemnul.
 12052 | D:10     | Reached skill level 5 in Evocations
 12141 | D:10     | Noticed a wolf spider
 12149 | D:10     | Pacified a wolf spider
 12700 | D:9      | Bought a fustibalus for 390 gold pieces
 12738 | D:11     | Noticed a cyclops
 12771 | D:11     | Noticed a two-headed ogre
 12771 | D:11     | Noticed an elephant
 12791 | D:10     | Killed a two-headed ogre
 12792 | D:10     | Reached XP level 11. HP: 40/80 MP: 7/14
 13603 | D:11     | Found a staircase to the Lair.
 13646 | D:10     | Reached skill level 3 in Fighting
 13934 | D:11     | Noticed a seven-headed hydra
 13958 | D:10     | Reached skill level 4 in Fighting
 14287 | D:10     | Reached skill level 5 in Fighting
 14293 | D:10     | Killed a seven-headed hydra
 14300 | D:10     | Reached skill level 6 in Fighting
 14541 | D:11     | Reached skill level 7 in Fighting
 14594 | D:11     | Reached skill level 8 in Fighting
 15003 | D:11     | Found a staircase to the Orcish Mines.
 15057 | Lair:1   | Entered Level 1 of the Lair of Beasts
 15057 | Lair:1   | Noticed an oklob plant
 15073 | Lair:1   | Reached skill level 9 in Fighting
 15482 | Lair:1   | Found a runed translucent door.
 15482 | Lair:1   | Found a shimmering altar of Xom.
 15482 | Lair:1   | Noticed Xos Poh's ghost (journeyman MiBe)
 15482 | Lair:1   | Noticed a +1 trident of chaos
 15915 | Lair:1   | Reached skill level 10 in Fighting
 16375 | Lair:1   | Noticed an eight-headed hydra
 16390 | Lair:1   | Pacified an eight-headed hydra
 16391 | Lair:1   | Reached skill level 5 in Slings
 17409 | Lair:2   | Reached XP level 12. HP: 57/107 MP: 12/15
 17643 | Lair:2   | Noticed Urug
 17685 | Lair:1   | Killed Urug
 18832 | Lair:2   | Found a hole to the Spider Nest.
 18938 | Lair:3   | Found a staircase to the Snake Pit.
 19826 | Lair:3   | Noticed an eight-headed hydra
 19843 | Lair:3   | Killed an eight-headed hydra
 19878 | Lair:3   | Reached skill level 10 in Slings
 20213 | Lair:3   | You fall into a shaft and drop 3 floors!
 20213 | Lair:6   | Entered Level 6 of the Lair of Beasts
 20340 | Lair:6   | Found a staircase to the Slime Pits.
 20673 | Lair:6   | Reached XP level 13. HP: 107/114 MP: 19/19
 20730 | Lair:6   | Found a large runed translucent door.
 20731 | Lair:6   | Found a large runed translucent door.
 20732 | Lair:6   | Noticed a fire dragon
 21492 | Lair:5   | Reached skill level 10 in Invocations
 25477 | Lair:6   | Reached XP level 14. HP: 103/122 MP: 21/21
 25771 | Lair:6   | Identified the +0 chain mail of Qyereagi {Rampage}
 26324 | Lair:6   | Reached skill level 11 in Fighting
 26987 | Lair:6   | Identified the amulet "Lyliesam" {Faith Int+3 Dex+4}
 28180 | D:11     | Killed Xos Poh's ghost
 28759 | Orc:1    | Entered Level 1 of the Orcish Mines
 28878 | Orc:2    | Entered Level 2 of the Orcish Mines
 29912 | Orc:2    | Found a staircase to the Elven Halls.
 30007 | Orc:2    | Found a radiant altar of Vehumet.
 30963 | Orc:2    | Reached skill level 12 in Fighting
 30963 | Orc:2    | Reached skill level 10 in Armour
 31249 | Orc:2    | Found Roinnax's Antique Armour Emporium.
 31249 | Orc:2    | Found Ifriylol's Book Boutique.
 31251 | Orc:2    | Found Qozamniq's Armour Emporium.
 31251 | Orc:2    | Found Cegu's Magic Scroll Boutique.
 31570 | Orc:2    | Bought a scroll of fog for 22 gold pieces
 31570 | Orc:2    | Bought a scroll of teleportation for 33 gold pieces
 31570 | Orc:2    | Bought a scroll of teleportation for 33 gold pieces
 31570 | Orc:2    | Bought a scroll of summoning for 104 gold pieces
 31570 | Orc:2    | Bought a scroll of summoning for 104 gold pieces
 31570 | Orc:2    | Bought 2 scrolls of enchant weapon for 165 gold pieces
 31570 | Orc:2    | Bought a scroll of magic mapping for 38 gold pieces
 31570 | Orc:2    | Bought a scroll of magic mapping for 38 gold pieces
 31570 | Orc:2    | Bought a scroll of identify for 22 gold pieces
 31570 | Orc:2    | Bought a scroll of identify for 22 gold pieces
 31713 | D:12     | Reached XP level 15. HP: 133/133 MP: 23/23
 32447 | D:12     | Found the dreamshard necklace {*Dream Drain}
 32775 | D:12     | Reached skill level 10 in Shields
 33124 | D:13     | Found Timejed's Jewellery Boutique.
 33130 | D:13     | You fall into a shaft and drop 1 floor!
 33130 | D:14     | Noticed Rupert
 33142 | D:14     | Killed Rupert
 33533 | D:14     | Reached XP level 16. HP: 138/140 MP: 24/24
 33852 | D:13     | Found Omautsysm's Antique Armour Boutique.
 34077 | D:13     | Bought a pair of glimmering gloves for 294 gold pieces
 34077 | D:13     | Identified the +5 pair of gloves of Defence {rElec Int+4
                  | Dex+3 Slay-2} (You bought it in a shop on level 13 of the
                  | Dungeon)
 34113 | D:13     | Bought a jewelled chain mail for 294 gold pieces
 34113 | D:13     | Identified the +0 chain mail "Qiuhahets" {*Slow rPois
                  | Regen+ Dex-2} (You bought it in a shop on level 13 of the
                  | Dungeon)
 35054 | D:13     | Reached skill level 13 in Fighting
 35384 | D:13     | Found a snail-covered altar of Cheibriados.
 36119 | D:14     | Identified the +5 longbow of the Apocalypse {venom,
                  | *Corrode Drain Str+4}
 36431 | D:15     | Entered Level 15 of the Dungeon
 37168 | D:15     | Reached skill level 14 in Fighting
 37312 | D:15     | Found a staircase to the Depths.
 39106 | D:15     | Upgraded the game from 0.28-a0-1356-g2ad6d04315 to
                  | 0.28-a0-1374-ga75cb3825e
 39292 | Spider:1 | Entered Level 1 of the Spider Nest
 39472 | Snake:1  | Entered Level 1 of the Snake Pit
 39492 | Snake:1  | Identified the +10 ring mail of Fedhas's Esteem {rC+}
 39495 | Snake:1  | Got the Guide on Conjuration
 39556 | Snake:1  | Gained mutation: Your body sometimes deteriorates upon
                  | taking damage. [a shining eye]
 39704 | Snake:1  | Found a runed translucent gate.
 39705 | Snake:1  | Found a runed translucent gate.
 39706 | Snake:1  | Found a runed translucent gate.
 39707 | Snake:1  | Found an opulent altar of Gozag.
 39708 | Snake:1  | Noticed Xaegg's ghost (adept DrEE)
 39730 | Snake:1  | Reached skill level 15 in Shields
 40499 | Snake:1  | Found Suap's Assorted Antiques.
 41572 | Snake:2  | Reached XP level 17. HP: 154/154 MP: 25/25
 42483 | Snake:2  | Reached skill level 15 in Fighting
 43593 | Snake:3  | Noticed Vashnia
 43599 | Snake:3  | Noticed Jorgrun
 44538 | Snake:3  | Reached skill level 16 in Fighting
 44738 | Snake:3  | Noticed Mara
 44743 | Snake:4  | Entered Level 4 of the Snake Pit
 45803 | Lair:2   | Reached skill level 17 in Fighting
 49772 | Spider:2 | Reached skill level 15 in Armour
 49793 | Spider:1 | Reached XP level 18. HP: 117/171 MP: 26/26
 53002 | Spider:3 | Noticed Agnes
 53010 | Spider:3 | Killed Agnes
 53364 | Spider:3 | Noticed Arachne
 53395 | Spider:3 | Killed from afar by Arachne

Illustrated notes

Levels and vault maps discovered:
D:1:      zelgadis_glass_arrival_small, layout_loops_ring,
          hellmonk_ecumenical_altar_pennies_from_heaven,
          ebering_dispersal_statue_hall, kennysheep_pointless_box, minivault_26,
          minmay_box_of_dots
D:2:      layout_loops_corners, st_stairs_12, kennysheep_generic_room_14,
          uniq_robin
D:3:      layout_rooms, uniq_ijyb
D:4:      kennysheep_slugbush, layout_gridville, nicolae_uskayaw_en_pointe
D:5:      layout_rooms, minmay_temple_entry_hall
D:6:      layout_loops_ring, portal_sewer_entry_b, uniq_grinder
D:7:      layout_basic, enter_bailey_5
D:8:      layout_basic, doesnt_xom_only_xom, jmf_multi_god_temple2,
          old_standard_altar, serial_curves, eino_curves_03, eino_curves_01,
          serial_shops, shop, shop_fountains
D:9:      layout_layer_cave, okawaru_trees_1, serial_shops,
          nicolae_shop_statue_plus, minmay_misc_feat_tower, uniq_psyche,
          uniq_pikel
D:10:     layout_loops_ring, mainiacjoe_overflow_paths
D:11:     layout_rooms, david_lair_generic, orc_0_dummy
D:12:     layout_gridville
D:13:     minmay_concentric_multi, layout_irregular_city,
          grunt_vaults_entry_tiered, serial_shops, kennysheep_mini_moat,
          nicolae_shop_trees, nicolae_inconvenience_store, minmay_ruined_shrine
D:14:     layout_roguey, infiniplex_staircase_pool_2, uniq_rupert
D:15:     grunt_enter_depths_hoard, layout_cave_pools, gauntlet_entry_generic,
          minmay_more_statues
Lair:1:   layout_roguey, ebering_ghost_xom, dpeg_stationary_puzzle,
          serial_bayou_shore_a, grunt_megastairs_1
Lair:2:   layout_small_grid, spider_nest_entry_web_field,
          nicolae_quartered_pool_impasse, grunt_megastairs_4, uniq_urug
Lair:3:   layout_chaotic_city, minmay_snake_entry_spellcaster
Lair:4:   layout_cave_pods, cheibrodos_lair_caveside_slide, grunt_megastairs_5
Lair:5:   layout_roguey
Lair:6:   cheibrodos_lair_end_hotspot, layout_misc_corridors,
          nicolae_slime_entry_slimehenge, serial_forest,
          infiniplex_forest_zigzag_1, infiniplex_forest_zigzag_1,
          infiniplex_forest_lined_room_2, infiniplex_forest_straight_3,
          infiniplex_forest_end_2, infiniplex_forest_clump_cross,
          infiniplex_forest_corner_1
Snake:1:  layout_layer_cave, ebering_ghost_gozag
Snake:2:  layout_basic, st_stairs_5
Snake:3:  layout_onion_interference, hangedman_snake_wide_pillar_pass,
          lemuel_fruit_tree, uniq_jorgrun, uniq_vashnia, uniq_mara
Snake:4:  minmay_snake_end_coiled, layout_cave_town, nicolae_snake_boneroom
Spider:1: nicolae_spider_hilbert_zone_5 [nicolae_spider_hilbert_3_sides_1_open,
          nicolae_spider_hilbert_4_sides_1_open,
          nicolae_spider_hilbert_4_sides_1_open,
          nicolae_spider_hilbert_6_sides_1_open,
          nicolae_spider_hilbert_6_sides_1_open],
          portal_ice_cave_entry_ice_simulacra
Spider:2: layout_spider_delve
Spider:3: layout_cave_pods, uniq_arachne, uniq_agnes
Orc:1:    layout_caves
Orc:2:    grunt_orc_tribal_feast, layout_caves, basic_altar, minmay_orc_temple_a

Skill      XL: |  1  2  3  4  5  6  7  8  9 10 11 12 13 14 15 16 17 18 |
---------------+-------------------------------------------------------+-----
Short Blades   | 3 4 |  4.8
Maces & Flails | 3 4 6 7 9 11 13 14 | 14.0
Invocations    | 2 3 6 9 11 12 13 | 13.2
Armour         | 3 6 7 8 12 15 16 | 16.1
Shields        | 3 6 7 11 15 | 15.0
Evocations     | 6 |  6.0
Slings         | 2 6 10 14 | 14.3
Fighting       | 10 12 14 17 | 17.9
Dodging        | 2 |  2.9
Throwing       | |  2.0
Stealth        | |  3.2

Action                   |  1- 3 |  4- 6 |  7- 9 | 10-12 | 13-15 | 16-18 || total
-------------------------+-------+-------+-------+-------+-------+-------++-------
Melee: Dagger            |   102 |     6 |       |       |       |       ||   108
       Headbutt          |    13 |    25 |    84 |   137 |    43 |   123 ||   425
       Whip              |       |   130 |   383 |   581 |   169 |       ||  1263
       Morningstar       |       |       |       |       |    58 |   422 ||   480
 Fire: Fustibalus        |       |       |       |   218 |  1054 |  1507 ||  2779
Throw: Dart              |    39 |    22 |    23 |    41 |     3 |     5 ||   133
       Stone             |       |       |     3 |       |       |       ||     3
       Javelin           |       |       |     8 |       |     4 |       ||    12
Invok: Heal Other        |       |       |     4 |    12 |     6 |    10 ||    32
       Heal Self         |       |       |     6 |    13 |    21 |    31 ||    71
       Purification      |       |       |       |     3 |     3 |     1 ||     7
Evoke: Wand              |       |     3 |       |    43 |     5 |    16 ||    67
       Phantom mirror    |       |       |       |       |       |     5 ||     5
  Use: Scroll            |       |     3 |    14 |    17 |    16 |    13 ||    63
       Potion            |       |       |     1 |     1 |     4 |    15 ||    21
 Stab: Paralysed         |       |     2 |       |    15 |     6 |       ||    23
       Invisible         |       |       |     3 |       |       |       ||     3
Armor: Robe              |     8 |       |       |       |       |       ||     8
       Scale mail        |    45 |    17 |   141 |       |       |       ||   203
       Chain mail        |       |    66 |    45 |       |       |       ||   111
       Plate armour      |       |       |     1 |   320 |   436 |   631 ||  1388
Dodge: Dodged            |    43 |    55 |    89 |   103 |   145 |   250 ||   685
Block: Kite shield       |       |       |   228 |   450 |   508 |   894 ||  2080

Table legend: (Time is in decaauts)
 A = Elapsed time spent in this place.
 B = Non-inter-level travel time spent in this place.
 C = Inter-level travel time spent in this place.
 D = Time resting spent in this place.
 E = Time spent auto-exploring this place.
 F = Levels seen in this place.
 G = Mean time per level.
                   A        B        C        D        E       F      G
               +--------+--------+--------+--------+--------+-----+--------+
         Total |  52439 |  50304 |   2135 |  19537 |  21420 |  30 | 1748.0 |
       Dungeon |  22768 |  21722 |   1046 |   6584 |  10890 |  15 | 1517.9 |
          Lair |  14014 |  13245 |    769 |   3774 |   6905 |   6 | 2335.7 |
     Snake Pit |   5758 |   5616 |    142 |   2539 |   1919 |   4 | 1439.5 |
   Spider Nest |   7056 |   6929 |    127 |   4971 |   1181 |   3 | 2352.0 |
  Orcish Mines |   2840 |   2791 |     49 |   1667 |    524 |   2 | 1420.0 |
               +--------+--------+--------+--------+--------+-----+--------+

Top non-repeatable levels by time:
Spider:1: 5136 daAuts
  Lair:1: 3307 daAuts
  Lair:6: 3075 daAuts
 Snake:2: 2892 daAuts
    D:10: 2666 daAuts
  Lair:2: 2501 daAuts
    D:15: 2366 daAuts
  Lair:5: 2221 daAuts
    D:13: 2045 daAuts
     D:4: 2004 daAuts
   Orc:2: 1878 daAuts
  Lair:4: 1674 daAuts
    D:14: 1673 daAuts
     D:9: 1460 daAuts
     D:2: 1436 daAuts
